 Dungeon Crawl Stone Soup version 0.30-a0-924-g0ad0bf95bc (webtiles) character file.

Game seed: 16889999326798877929

84 Darius099 the Shooter (level 4, 0/35 HPs)
             Began as a Barachi Hunter on Mar 23, 2023.
             Slain by a gnoll
             ... wielding a +0 spear
              (4 damage)
             ... on level 2 of the Dungeon.
             The game lasted 00:05:30 (1091 turns).

Darius099 the Shooter (Barachi Hunter)              Turns: 1091, Time: 00:05:32

Health: 0/35       AC:  3    Str: 12    XL:     4   Next: 46%
Magic:  4/4        EV: 12    Int: 10    God:
Gold:   96         SH:  0    Dex: 17    Spells: 3/3 levels left

rFire   . . .      SeeInvis .    a - +0 shortbow
rCold   . . .      Faith    .    (shield currently unavailable)
rNeg    . . .      Spirit   .    c - +0 leather armour
rPois   .          Reflect  .    (no helmet)
rElec   .          Rampage  .    (no cloak)
rCorr   .                        (no gloves)
Will    .....                    (no boots)
Stlth   ++                       (no amulet)
HPRegen 0.25/turn                (no ring)
MPRegen 0.09/turn                (no ring)

@: unable to hop, slow
A: amphibious, slowness 1, strong legs 1, +LOS
a: Hop


You were on level 2 of the Dungeon.
You visited 1 branch of the dungeon, and saw 2 of its levels.

You collected 96 gold pieces.

Inventory:

Hand Weapons
 a - a +0 shortbow (weapon)
Armour
 c - a +0 leather armour (worn)
Scrolls
 b - a scroll of immolation
 e - 3 scrolls of identify {unknown}
 g - 5 scrolls of teleportation {unknown}
 i - a scroll of noise {unknown}
Potions
 d - a potion of attraction {unknown}
 f - 2 potions of haste {unknown}
 h - 2 potions of magic {unknown}
 j - a potion of cancellation {unknown}
 k - 2 potions of resistance {unknown}


   Skills:
 - Level 3.0 Fighting
 + Level 5.0 Ranged Weapons
 - Level 2.9 Dodging
 - Level 1.7 Stealth


You had 3 spell levels left.
You didn't know any spells.
Your spell library contained the following spells:

 Spells                   Type           Power      Damage    Failure   Level
 Magic Dart               Conj           0%         1d3       43%         1
 Call Imp                 Summ           0%         N/A       58%         2
 Mephitic Cloud           Conj/Pois/Air  0%         N/A       82%         3


Dungeon Overview and Level Annotations

Branches:
Dungeon (2/15)

Altars:

Shops:
D:2 *


Innate Abilities, Weirdness & Mutations

You are amphibious.
You cover ground slowly.
You can hop short distances.
You have an extended range of vision and can be seen from far away.


Message History

The gnoll is severely wounded.
The gnoll hits you but does no damage.
The gnoll hits you from afar with a +0 spear.
* * * LOW HITPOINT WARNING * * *
Hop to where?
Press: ? - help, Dir - move target, p - gnoll Boing!
You are too injured to fight recklessly!
Fire: a) +0 shortbow
Press: ? - help, Shift-Dir - straight line, f - gnoll
Aim: a gnoll, wielding a +0 flail (sparse dust, severely wounded, 66% to hit)
You shoot an arrow. The arrow hits the gnoll.
The gnoll is severely wounded.
Okay, then.
Your legs are too worn out to hop.
Unknown command.
Fire: a) +0 shortbow
Press: ? - help, Shift-Dir - straight line, f/p - gnoll
Aim: a gnoll, wielding a +0 flail (severely wounded, 66% to hit)
You shoot an arrow. The arrow barely misses the gnoll.
The arrow closely misses the gnoll.
Your legs are too worn out to hop.
Fire: a) +0 shortbow
Press: ? - help, Shift-Dir - straight line, f/p - gnoll
Aim: a gnoll, wielding a +0 flail (severely wounded, 66% to hit)
You shoot an arrow. The arrow hits the gnoll.
The gnoll is almost dead.
Fire: a) +0 shortbow
Press: ? - help, Shift-Dir - straight line, f/p - gnoll
Aim: a gnoll, wielding a +0 flail (severely wounded, 66% to hit)
You shoot an arrow. The arrow closely misses the gnoll.
The arrow hits the gnoll.
The gnoll is moderately wounded.
Fire: a) +0 shortbow
Press: ? - help, Shift-Dir - straight line, f/p - gnoll
Aim: a gnoll, wielding a +0 flail (severely wounded, 66% to hit)
You shoot an arrow. The arrow hits the gnoll!
You kill the gnoll!
The gnoll hits you from afar with a +0 spear.
You die...

#.# #.... #.# #.....
######.# #..... #....#.###
#..... ############....#....
#...). #..........#....#####
#...# #..........#....#####
#...# #..........#....'....
#...####.g)@......#....#####
#..)'..'..........#....'...#
#...####..........#....###.#
#...# #..........########..
##### #................##..
#................##..
#................##..
#................##.#
#........).......##.#


You could see a gnoll.

Vanquished Creatures
  3 gnolls (D:2)
  An adder (D:2)
  A worm (D:2)
  A dart slug (D:1)
  6 endoplasms
  4 giant cockroaches
  5 goblins
  6 hobgoblins
  5 kobolds
  A quokka (D:1)
  4 ball pythons
  3 bats
  4 frilled lizards
  6 rats
50 creatures vanquished.

Notes
Turn   | Place    | Note
-------+----------+-------------------------------------------
     0 | D:1      | Darius099 the Barachi Hunter began the quest for the Orb.
     0 | D:1      | Reached XP level 1. HP: 17/17 MP: 1/1
    31 | D:1      | Reached skill level 1 in Stealth
    47 | D:1      | Reached XP level 2. HP: 14/23 MP: 2/2
   319 | D:1      | Reached XP level 3. HP: 22/28 MP: 3/3
   989 | D:2      | Found Dupe's Assorted Antiques.
  1035 | D:2      | Reached XP level 4. HP: 30/35 MP: 4/4
  1084 | D:2      | Reached skill level 5 in Ranged Weapons
  1091 | D:2      | Slain by a gnoll

Illustrated notes

Levels and vault maps discovered:
D:1:      tekkud_arrival_beachfront_property, layout_rooms, serial_bayou_pond_d
D:2:      layout_basic, serial_shops, shop, chequers_serial_rivers_room_a

Skill      XL: |  1  2  3  4 |
---------------+-------------+-----
Stealth        | 1 |  1.7
Fighting       | 3 |  3.0
Ranged Weapons | 5 |  5.0
Dodging        | |  2.9

Action                     |  1- 3 |  4- 6 || total
---------------------------+-------+-------++-------
   Fire: Shortbow          |   120 |    16 ||   136
Ability: Hop               |       |     1 ||     1
 Armour: Leather armour    |    10 |     2 ||    12
  Dodge: Dodged            |    19 |    10 ||    29

Table legend: (Time is in decaauts)
 A = Elapsed time spent in this place.
 B = Non-inter-level travel time spent in this place.
 C = Inter-level travel time spent in this place.
 D = Time resting spent in this place.
 E = Time spent auto-exploring this place.
 F = Levels seen in this place.
 G = Mean time per level.
                   A        B        C        D        E       F      G
               +--------+--------+--------+--------+--------+-----+--------+
         Total |   1305 |   1293 |     12 |      0 |    994 |   2 |  652.5 |
       Dungeon |   1305 |   1293 |     12 |      0 |    994 |   2 |  652.5 |
               +--------+--------+--------+--------+--------+-----+--------+

Top non-repeatable levels by time:
     D:2: 690 daAuts
     D:1: 614 daAuts
